 Dungeon Crawl Stone Soup version 0.25-a0-458-g6fc7858b95 (webtiles) character file.

Game seed: 11310228087883222381, levelgen mode: deterministic

78 Error4North the Skirmisher (level 4, -4/40 HPs)
             Began as a Hill Orc Fighter on Feb 2, 2020.
             Slain by a bullfrog (7 damage)
             ... on level 2 of the Dungeon.
             The game lasted 00:04:31 (1590 turns).

Error4North the Skirmisher (Hill Orc Fighter)       Turns: 1590, Time: 00:04:32

Health: -4/40      AC:  7    Str: 19    XL:     4   Next: 36%
Magic:  5/5        EV:  7    Int:  8    God:
Gold:   126        SH:  9    Dex: 10    Spells: 4/4 levels left

rFire    . . .     SeeInvis .   a - +0 war axe
rCold    . . .     Gourm    .   c - +0 shield
rNeg     . . .     Faith    .   b - +0 scale mail
rPois    .         Spirit   .   (no helmet)
rElec    .         Reflect  .   (no cloak)
rCorr    .         Harm     .   (no gloves)
MR       .....                  (no boots)
Stlth    ..........             (no amulet)
HPRegen  0.13/turn              (no ring)
MPRegen  0.09/turn              (no ring)

@: no status effects
A: no striking features
a: no special abilities


You were on level 2 of the Dungeon.
You were hungry.

You visited 1 branch of the dungeon, and saw 3 of its levels.

You collected 126 gold pieces.

Inventory:

Hand Weapons
 a - a +0 war axe (weapon)
 l - a +2 mace of protection
Armour
 b - a +0 scale mail (worn)
 c - a +0 shield (worn)
Scrolls
 e - 5 scrolls of identify {unknown}
 g - a scroll of noise {unknown}
 h - 2 scrolls of immolation {unknown}
 j - a scroll of magic mapping {unknown}
 m - 2 scrolls of remove curse {unknown}
 p - 2 scrolls of enchant weapon {unknown}
Potions
 d - a potion of might
 i - a potion of curing {unknown}
 k - 2 potions of brilliance {unknown}
 o - 2 potions of degeneration {unknown}
Comestibles
 f - 4 rations
 n - a chunk of flesh


   Skills:
 + Level 4.1 Fighting
 + Level 3.7 Axes
 * Level 4.0 Armour
 + Level 0.1 Dodging
 * Level 3.6 Shields
 * Level 0.8 Spellcasting


You had 4 spell levels left.
You didn't know any spells.
Your spell library was empty.

Dungeon Overview and Level Annotations

Branches:
Dungeon (3/15)

Altars:


Message History

* * * LOW HITPOINT WARNING * * *
You barely miss the bullfrog.
The bullfrog is heavily wounded.
The bullfrog hits you but does no damage.
You hit the bullfrog.
The bullfrog is severely wounded.
The bullfrog barely misses you. The bullfrog hits you.
* * * LOW HITPOINT WARNING * * *
You block the bullfrog's attack.
You miss the bullfrog.
The bullfrog is severely wounded.
The bullfrog barely misses you. x2
You closely miss the bullfrog.
The bullfrog is severely wounded.
You block the bullfrog's attack. The bullfrog hits you.
* * * LOW HITPOINT WARNING * * *
You closely miss the bullfrog.
The bullfrog is severely wounded.
The bullfrog hits you!
You die...

## ##### #. #...# #.
#...###. #.....#.
############ #.....#.
#.....#....# ###...#.
#.###.#@...# #...#(
#.#
#.#F...########...#.
#.#
#.#>........(.....).
#.#
#.#.....#######...#.
#.#
#.#.###.#...........
#.#
#.#.###.#.#####...#.
#.#
#รท#...............+.
#.#
#.#####.#.####....#.
#.#
#.#####.#.#.....###.


You could see a bullfrog.

Vanquished Creatures
  2 adders (D:2)
  An ooze (D:2)
  3 dart slugs
  2 leopard geckos
  9 bats
  2 giant cockroaches
  6 goblins
  8 hobgoblins
  A jackal (D:2)
  A ball python (D:1)
  2 frilled lizards
  7 kobolds
  2 rats (D:1)
46 creatures vanquished.

Notes
Turn   | Place    | Note
-------+----------+-------------------------------------------
     0 | D:1      | Error4North the Hill Orc Fighter began the quest for the
                  | Orb.
     0 | D:1      | Reached XP level 1. HP: 19/19 MP: 1/1
    54 | D:1      | Reached XP level 2. HP: 22/27 MP: 2/2
   352 | D:1      | Reached XP level 3. HP: 33/33 MP: 3/3
  1146 | D:2      | Reached XP level 4. HP: 30/40 MP: 4/4
  1568 | D:3      | Noticed a bullfrog
  1590 | D:2      | Slain by a bullfrog

Levels and vault maps discovered:
D:1:      enne_arrival_octagon_isle, layout_basic
D:2:      layout_basic
D:3:      layout_basic

Skill      XL: |  1  2  3 |
---------------+----------+-----
Axes           | 3 |  3.7
Armour         | 4 |  4.0
Fighting       | 4 |  4.1
Dodging        | |  0.1
Shields        | |  3.6
Spellcasting   | |  0.8

Action                   |  1- 3 |  4- 6 || total
-------------------------+-------+-------++-------
Melee: War axe           |   126 |    29 ||   155
  Eat: Chunk             |     1 |     1 ||     2
Armor: Scale mail        |    53 |    13 ||    66
Dodge: Dodged            |    53 |    16 ||    69
Block: Shield            |    59 |    21 ||    80

Table legend:
 A = Non-vault XP
 B = Vault XP
 C = Vault XP percentage of total XP
 D = Non-vault monster count
 E = Vault monster count
 F = Vault count percentage of total count
                 A         B        C        D         E       F
            +---------+---------+-------+---------+---------+-------
      Total |     112 |       0 |   0.0 |      46 |       0 |   0.0
            +---------+---------+-------+---------+---------+-------
        D:1 |      46 |       0 |   0.0 |      24 |       0 |   0.0
        D:2 |      66 |       0 |   0.0 |      22 |       0 |   0.0
            +---------+---------+-------+---------+---------+-------
